 Dungeon Crawl Stone Soup version 0.21.1-1-g345015f (webtiles) character file.

46 teukkam the Covered (level 3, 0/22 HPs)
             Began as a Gnoll Wanderer on Feb 14, 2018.
             Killed from afar by an orc wizard (7 damage)
             ... with a magic dart
             ... on level 3 of the Dungeon.
             The game lasted 00:03:57 (809 turns).

teukkam the Covered (Gnoll Wanderer)                 Turns: 809, Time: 00:03:58

Health: 0/22       AC:  9    Str: 14    XL:     3   Next: 66%
Magic:  3/3        EV: 10    Int: 15    God:
Gold:   41         SH:  0    Dex: 14    Spells: 3/3 levels left

rFire    . . .     SeeInvis .   a - +0 short sword
rCold    . . .     Gourm    .   (no shield)
rNeg     . . .     Faith    .   c - +2 scale mail
rPois    .         Spirit   .   (no helmet)
rElec    .         Reflect  .   (no cloak)
rCorr    .         Harm     .   (no gloves)
MR       .....                  (no boots)
Stlth    ..........             (no amulet)
HPRegen  0.07/turn              g - ring of wizardry
MPRegen  0.08/turn              (no ring)

@: confused, slowed, very slow
A: distributed training, fangs 1, talons 1, frail 1, low mp 1, strong nose
a: no special abilities


You were on level 3 of the Dungeon.
You were not hungry.

You visited 1 branch of the dungeon, and saw 3 of its levels.

You collected 41 gold pieces.

Inventory:

Hand Weapons
 a - a +0 short sword (weapon)
Missiles
 e - 41 stones (quivered)
 k - 4 tomahawks
Armour
 c - a +2 scale mail (worn)
Jewellery
 g - a ring of wizardry (left hand)
Scrolls
 b - 2 scrolls of teleportation
 i - 2 scrolls of fear
 j - a scroll of remove curse {unknown}
Comestibles
 d - 4 rations
 f - 3 chunks of flesh


   Skills:
 + Level 0.9 Fighting
 + Level 4.5 Short Blades
 + Level 0.9 Long Blades
 + Level 0.9 Axes
 + Level 4.5 Maces & Flails
 + Level 0.9 Polearms
 + Level 0.9 Staves
 + Level 0.9 Slings
 + Level 0.9 Bows
 + Level 0.9 Crossbows
 + Level 0.9 Throwing
 + Level 6.5 Armour
 + Level 2.6 Dodging
 + Level 2.4 Stealth
 + Level 2.6 Shields
 + Level 0.9 Unarmed Combat
 + Level 0.9 Spellcasting
 + Level 0.6 Conjurations
 + Level 0.6 Hexes
 + Level 0.6 Charms
 + Level 0.6 Summonings
 + Level 0.6 Necromancy
 + Level 0.6 Translocations
 + Level 0.6 Transmutations
 + Level 0.6 Fire Magic
 + Level 0.6 Ice Magic
 + Level 0.6 Air Magic
 + Level 0.6 Earth Magic
 + Level 0.6 Poison Magic
 + Level 1.0 Invocations
 + Level 0.9 Evocations


You had 3 spell levels left.
You didn't know any spells.

Dungeon Overview and Level Annotations

Branches:
Dungeon (3/15)

Altars:
Okawaru
Xom


Innate Abilities, Weirdness & Mutations

Your experience applies equally to all skills.
You have very sharp teeth.
Your uncanny sense of smell can sniff out nearby items.
You have sharp toenails.
You are frail. (-10% HP)
Your magical capacity is low. (-10% MP)


Message History

The orc wizard closely misses you.
The orc wizard gestures wildly while chanting.
The orc wizard blinks!
Things that are here:
a flail; a scale mail The orc wizard gestures wildly while chanting.
The orc wizard blinks!
You aren't carrying any potions.
Unknown command.
The orc wizard points at you and mumbles some strange words.
You are confused.
You see here a flail.
You feel yourself speed up.
The orc wizard points at you and mumbles some strange words.
You feel yourself slow down.
The orc wizard gestures wildly while chanting.
The orc wizard blinks!
The orc wizard casts a spell at you. The magic dart hits you!
You die...

.<..#.#.................
⌠.⌠.#.#....o............
...##)#...............#.
#.##⌠.#.#.§#..######..#
.....##....#..######..#
#######.#..).o.........
..###.###.§......#
...###≈#..##..###.. ##
#.._#♣_.##@#
#....♣..#≈#.# ∆ .^.... ≈
§§..# ..#_.#. .≈≈≈### .
##..≈ .≈≈## ##.# ♣^# ##


You could see 2 orc wizards.

Vanquished Creatures
  An ooze (D:1)
  A worm (D:2)
  A dart slug (D:2)
  2 orcs (D:3)
  2 giant cockroaches
  3 goblins
  3 hobgoblins
  4 jackals (D:2)
  8 kobolds
  2 quokkas (D:3)
  A bat (D:1)
  A frilled lizard (D:1)
  A rat (D:1)
30 creatures vanquished.

Notes
Turn   | Place    | Note
-------+----------+-------------------------------------------
     0 | D:1      | teukkam the Gnoll Wanderer began the quest for the Orb.
     0 | D:1      | teukkam set off with: a +2 scale mail, a scroll of teleportation, a +0 short sword, a ration
     0 | D:1      | Reached XP level 1. HP: 13/13 MP: 1/1
    80 | D:1      | Reached XP level 2. HP: 10/20 MP: 2/2
   387 | D:2      | Reached XP level 3. HP: 23/25 MP: 3/3
   500 | D:2      | Found an iron altar of Okawaru.
   741 | D:3      | Reached skill level 1 in Invocations
   748 | D:3      | Found a shimmering altar of Xom.
   757 | D:3      | Found a shimmering altar of Xom.
   772 | D:3      | Found a shimmering altar of Xom.
   784 | D:3      | Gained mutation: You are frail. (-10% HP) [potion of mutation]
   784 | D:3      | Gained mutation: Your magical capacity is low. (-10% MP) [potion of mutation]
   784 | D:3      | Gained mutation: You have sharp toenails. [potion of mutation]
   809 | D:3      | Killed from afar by an orc wizard

Skill      XL: |  1  2  3 |
---------------+----------+-----
Invocations    | 1 |  1.0
Fighting       | |  0.9
Short Blades   | |  4.5
Long Blades    | |  0.9
Axes           | |  0.9
Maces & Flails | |  4.5
Polearms       | |  0.9
Staves         | |  0.9
Slings         | |  0.9
Bows           | |  0.9
Crossbows      | |  0.9
Throwing       | |  0.9
Armour         | |  6.5
Dodging        | |  2.6
Stealth        | |  2.4
Shields        | |  2.6
Unarmed Combat | |  0.9
Spellcasting   | |  0.9
Conjurations   | |  0.6
Hexes          | |  0.6
Charms         | |  0.6
Summonings     | |  0.6
Necromancy     | |  0.6
Translocations | |  0.6
Transmutations | |  0.6
Fire Magic     | |  0.6
Ice Magic      | |  0.6
Air Magic      | |  0.6
Earth Magic    | |  0.6
Poison Magic   | |  0.6
Evocations     | |  0.9

Action                   || total
-------------------------++-------
Melee: Short sword       ||   134
       Bite              ||    13
       Kick              ||     5
Throw: Stone             ||    10
  Use: Scroll            ||     1
       Potion            ||     1
Armor: Scale mail        ||    62
Dodge: Dodged            ||    69
